 Dungeon Crawl Stone Soup version 0.31.0-10-gcf4a605ca0 (webtiles) character file.

Game seed: 13220967846146110310

3 zenocrate the Sneak (level 1, -2/9 HPs)
             Began as a Vine Stalker Enchanter on Jan 25, 2024.
             Slain by a gnoll
             ... wielding a +0 flail of holy wrath
              (6 damage)
             ... on level 1 of the Dungeon.
             The game lasted 00:00:26 (24 turns).

zenocrate the Sneak (Vine Stalker Enchanter)          Turns: 24, Time: 00:00:26

Health: -2/9       AC:  2    Str: 10    XL:     1   Next: 50%
Magic:  0/4        EV: 12    Int: 15    God:
Gold:   0          SH:  0    Dex: 14    Spells: 4/4 levels left

rFire   . . .        a - +1 dagger
rCold   . . .        (no shield)
rNeg    . . .        b - +0 robe
rPois   .            (no helmet)
rElec   .            (no cloak)
rCorr   .            (no gloves)
SInv    .            (no boots)
Will    .....        (no amulet)
Stlth   ++           (no ring)
HPRegen 1.01/turn    (no ring)
MPRegen 0.09/turn

%: guardian spirit
@: no status effects
A: fangs 2, regeneration 1, magic shield, antimagic bite, no potion heal 2
a: no special abilities


You were on level 1 of the Dungeon.
You visited 1 branch of the dungeon, and saw 1 of its levels.

Inventory:

Hand Weapons
 a - a +1 dagger (weapon)
Armour
 b - a +0 robe (worn)
Potions
 c - 2 potions of invisibility


   Skills:
 + Level 1.0 Short Blades
 + Level 1.6 Dodging
 + Level 3.7 Stealth
 - Level 2.1 Spellcasting
 + Level 3.0 Hexes


You had 4 spell levels left.
You didn't know any spells.
Your spell library contained the following spells:

 Spells                   Type           Power      Damage    Failure   Level
 Ensorcelled Hibernation  Hex/Ice        12%        N/A       19%         2
 Confusing Touch          Hex            10%        N/A       19%         3
 Tukima's Dance           Hex            10%        N/A       19%         3
 Dazzling Flash           Conj/Hex       12%        N/A       34%         3


Dungeon Overview and Level Annotations

Branches:
Dungeon (1/15)

Altars:


Innate Abilities, Weirdness & Mutations

You have extremely sharp teeth.
Your natural rate of healing is unusually fast.
When hurt, damage is shared between your health and your magic reserves.
Your bite disrupts and absorbs the magic of your enemies.
Potions cannot restore your health.


Message History

A ball python comes into view.
The ball python moves out of view.
You see here a +0 dagger.
No target in view!
A ball python is nearby!
A rat comes into view.
Found a stone staircase leading down.
There are monsters nearby!
There are monsters nearby!
An endoplasm comes into view.
The ball python bites you but does no damage.
The ball python grabs you. The ball python constricts you.
The endoplasm quivers.
You hit the ball python.
You kill the ball python!
A gnoll comes into view.
It is wielding a +0 flail of holy wrath.
Your Short Blades skill increases to level 1!
The gnoll shouts!
You hit the rat.
You kill the rat!
A frilled lizard comes into view.
Unknown command.
There are monsters nearby!
There are monsters nearby!
The frilled lizard hisses angrily.
You see here a ball python corpse.
An endoplasm is nearby!
The frilled lizard closely misses you. The endoplasm hits you.
There are monsters nearby!
You hit the gnoll.
The gnoll is lightly wounded.
The frilled lizard bites you. The gnoll closely misses you.
The endoplasm freezes you.
You are frozen.
You hit the gnoll.
The gnoll is moderately wounded.
The endoplasm hits you. The frilled lizard bites you.
The gnoll hits you with a +0 flail of holy wrath.
Ouch! That really hurt!
You die...

.. #.# ###### ########.#
.#.#.#. ..♣♣♣♣........#
....... .♣....♣......?#
....... ♣..... ♣......#
.......
.......♣......###J..>...
.......♣......##@g......
PP....♣~♣♣♣)...†#l......
PP[.♣~♣...♣............
PPP♣~♣.....♣...#.#.#.#.
PPP♣~♣......♣.........#
PP♣~♣P......♣.........#
♣♣~♣PP......♣.........#
~~♣PPPP....♣..........#
<~♣PPPPP..♣...........#


You could see a gnoll, an endoplasm and a frilled lizard.

Vanquished Creatures
  A ball python (D:1)
  A goblin (D:1)
  A rat (D:1)
3 creatures vanquished.

Notes
Turn   | Place    | Note
-------+----------+-------------------------------------------
     0 | D:1      | zenocrate the Vine Stalker Enchanter began the quest for
                  | the Orb.
     0 | D:1      | Reached XP level 1. HP: 9/9 MP: 4/4
    19 | D:1      | Reached skill level 1 in Short Blades
    24 | D:1      | Slain by a gnoll

Illustrated notes

Levels and vault maps discovered:
D:1:      orjb1_clovarrival, layout_basic, serial_shops, shop, st_stairs_4

Skill      XL: |  1 |
---------------+----+-----
Short Blades   | 1 |  1.0
Dodging        | |  1.6
Stealth        | |  3.7
Spellcasting   | |  2.1
Hexes          | |  3.0

Action                     || total
---------------------------++-------
  Melee: Dagger            ||     8
         Bite              ||     1
 Armour: Robe              ||     8
  Dodge: Dodged            ||     2
